 Dungeon Crawl Stone Soup version 0.20.0-8-g6b59dc7 (webtiles) character file.

15664 Chiseanne the Thaumaturge (level 12, -20/77 HPs)
             Began as a Demonspawn Wizard on May 29, 2017.
             Was an Elder of Vehumet.
             Killed from afar by Nightblair's ghost (55 damage)
             ... with an iron shot
             ... on level 12 of the Dungeon.
             The game lasted 00:50:43 (15777 turns).

Chiseanne the Thaumaturge (Demonspawn Wizard)      Turns: 15777, Time: 00:50:43

Health: -20/77     AC: 17    Str: 12    XL:     12   Next: 3%
Magic:  0/36       EV: 14    Int: 27    God:    Vehumet [****..]
Gold:   644        SH:  0    Dex: 12    Spells: 9/34 levels left

rFire    . . .     SeeInvis .   a - +9 falchion of Wrongful Imprisonment {venom, Int+3 Dex-3}
rCold    + . .     Gourm    .   (no shield)
rNeg     + . .     Faith    +   y - +2 leather armour of Valour {+Fly rN+ Str+4}
rPois    .         Spirit   +   b - +0 hat
rElec    .         Reflect  .   L - +2 cloak {MR+}
rCorr    .         Harm     .   c - +1 pair of gloves
MR       +....                  h - +1 pair of boots
Stlth    ++........             z - amulet of faith
Regen    0.3/turn               g - +3 ring of dexterity
MPRegen  0.5/turn               w - ring of magical power

@: no status effects
A: antennae 1, icy blue scales 3, magic shield, magic regeneration
a: Renounce Religion, Evoke Flight


You were on level 12 of the Dungeon.
You worshipped Vehumet.
Vehumet was greatly pleased with you.
You were not hungry.

You visited 2 branches of the dungeon, and saw 13 of its levels.

You collected 644 gold pieces.

Inventory:

Hand Weapons
 a - the +9 falchion of Wrongful Imprisonment (weapon) {venom, Int+3 Dex-3}
   (You found it on level 4 of the Dungeon)

   It poisons the flesh of those it strikes.
   It affects your intelligence (+3).
   It affects your dexterity (-3).
 d - a +2 scimitar of flaming
 s - the +6 war axe of Lylaif {freeze, rElec Int+2 Stlth+}
   (You found it on level 7 of the Dungeon)

   It has been specially enchanted to freeze those struck by it, causing extra
   injury to most foes and up to half again as much damage against particularly
   susceptible opponents.
   It can also slow down cold-blooded creatures.
   It affects your intelligence (+2).
   It insulates you from electricity.
   It makes you more stealthy.
Missiles
 e - 207 arrows
 o - 5 exploding tomahawks (quivered)
 p - 85 sling bullets
 u - 54 poisoned needles
 F - 3 throwing nets {!*}
 H - 7 tomahawks
 I - 51 bolts
 J - 7 needles of confusion
Armour
 b - a +0 hat (worn)
 c - a +1 pair of gloves (worn)
 h - a +1 pair of boots (worn)
 y - the +2 leather armour of Valour (worn) {+Fly rN+ Str+4}
   (You took it off an orc on level 4 of the Dungeon)

   It affects your strength (+4).
   It protects you from negative energy.
   It lets you fly.
 G - a +0 shield
 L - a +2 cloak of magic resistance (worn)
Jewellery
 g - a +3 ring of dexterity (left hand)
 v - an uncursed ring of resist corrosion
 w - a ring of magical power (right hand)
 z - an amulet of faith (around neck)
 E - an uncursed ring of flight
Wands
 M - a wand of digging (1/24)
 N - a wand of disintegration (17/24)
Scrolls
 l - 3 scrolls of remove curse
 C - 3 scrolls of enchant weapon
 O - 3 scrolls of teleportation
Potions
 i - 3 potions of haste
 m - a potion of flight
 n - 5 potions of brilliance
 r - a potion of curing
 t - 3 potions of ambrosia
 A - a potion of resistance
 B - 2 potions of might
Books
 x - a book of Conjurations

   Spells                             Type                      Level
   a - Magic Dart                     Conjuration                  1
   b - Searing Ray                    Conjuration                  2
   c - Dazzling Spray                 Conjuration/Hexes            3
   d - Fulminant Prism                Conjuration/Hexes            4
   e - Force Lance                    Conjuration/Translocation    4
   f - Iskenderun's Mystic Blast      Conjuration                  4
Comestibles
 f - 3 royal jellies
 k - 7 meat rations
 q - 9 fruits
 Q - 9 bread rations


   Skills:
 - Level 1.5 Fighting
 - Level 5.3 Armour
 - Level 6.3 Dodging
 - Level 1.7 Stealth
 * Level 11.9 Spellcasting
 - Level 9.0 Conjurations
   Level 1.0 Summonings
 - Level 0.8 Translocations
 - Level 4.8 Air Magic
 - Level 5.7 Poison Magic


You had 9 spell levels left.
You knew the following spells:

 Your Spells              Type           Power        Failure   Level  Hunger
a - Magic Dart            Conj           ####         1%          1    None
b - Searing Ray           Conj           ######       1%          2    None
c - Dazzling Spray        Conj/Hex       #####.       1%          3    None
d - Mephitic Cloud        Conj/Pois/Air  ######..     1%          3    None
e - Iskenderun's Mystic   Conj           ######..     1%          4    None
f - Force Lance           Conj/Tloc      #####...     1%          4    None
g - Blink                 Tloc           N/A          4%          2    None
h - Conjure Flame         Conj/Fire      #####...     1%          3    None
i - Ignite Poison         Fire/Tmut/Pois ####....     1%          3    None


Dungeon Overview and Level Annotations

Branches:
Dungeon (12/15)            Temple (1/1) D:7            Lair (0/6) D:9
    Orc: D:9-12

Altars:
Ashenzari
Cheibriados
Dithmenos
Elyvilon
Fedhas
Gozag
Hepliaklqana
Kikubaaqudgha
Makhleb
Nemelex Xobeh
Okawaru
Qazlal
Ru
Sif Muna
Trog
Uskayaw
Vehumet
Xom
Yredelemnul
Zin
The Shining One

Annotations:
D:12 Nightblair's ghost, journeyman DrCj


Innate Abilities, Weirdness & Mutations

You have a pair of small antennae on your head.
You are completely covered in icy blue scales. (AC +4, rC+)
When hurt, damage is shared between your health and your magic reserves.
You regenerate magic rapidly.


Message History

Nightblair's ghost is almost destroyed.
Nightblair's ghost casts a spell at you.
The magic dart hits you!
Casting: Iskenderun's Mystic Blast
Confirm with . or Enter, or press ? or * to list all spells.
You don't have enough magic to cast that spell.
Unknown command.
Casting: Iskenderun's Mystic Blast
Confirm with . or Enter, or press ? or * to list all spells.
You don't have enough magic to cast that spell.
Unknown command.
You hit Nightblair's ghost but do no damage.
Nightblair's ghost is almost destroyed.
Nightblair's ghost hits you but does no damage.
You closely miss Nightblair's ghost.
Nightblair's ghost is almost destroyed.
Nightblair's ghost points at you and mumbles some strange words.
The iron shot hits you!
Ouch! That really hurt!
You die...

########.# ..
#...#....# ####.#.
#...#....# .......
#...# ...# ..W....
#...# ..# .......
#...## #.# ......#
#....###.######F.....#
+..........@WYYY..[...
#....###.######.......
#....# #.....# .......
#....# #.....# ..Y...#
#....# #.....# .YY..≈#
.##....###.....#
.....≈#
#>..............#
##+#.≈#
############....# .≈#
#.# #....#


You could see 3 yaks, a bullfrog and Nightblair's ghost.

Vanquished Creatures
  Erica (D:8)
  5 two-headed ogres
  3 unseen horrors
  The ghost of Unholydonuts the Basher, a novice GrGl of the Shining One (D:7)
  A cyclops (D:11)
  Joseph (D:8)
  2 trolls (D:10)
  2 hornets
  3 hippogriffs
  6 yaks
  A wyvern (D:9)
  A shadow (D:10)
  2 hungry ghosts
  Edmund (D:6)
  5 orc warriors
  A water moccasin (D:9)
  2 sky beasts
  5 ice beasts
  4 phantoms
  5 ogres
  8 centaurs
  A crocodile (D:8)
  2 big kobolds
  A gnoll sergeant (D:6)
  5 bullfrogs
  A water moccasin zombie (D:8)
  5 scorpions
  4 killer bees (D:7)
  2 howler monkeys (D:11)
  15 wights
  9 crimson imps
  A centaur zombie (D:8)
  3 bullfrog zombies
  A bullfrog skeleton (D:11)
  A centaur skeleton (D:12)
  4 hounds
  7 orc priests
  5 iguanas
  16 orc wizards
  5 worker ants
  A hound skeleton (D:6)
  7 gnolls
  15 adders
  A howler monkey skeleton (D:6)
  A shadow imp (D:5)
  2 adder skeletons
  2 worms
  3 dart slugs
  6 leopard geckos
  61 orcs
  2 ball pythons
  5 giant cockroaches
  7 goblins
  10 hobgoblins
  17 jackals
  6 quokkas
  6 bats
  A giant cockroach zombie (D:5)
  23 kobolds
  2 leopard gecko skeletons
  3 rats (D:1)
329 creatures vanquished.

Vanquished Creatures (others)
  A quokka (D:3)
  A plant (D:9)
2 creatures vanquished.

Grand Total: 331 creatures vanquished

Notes
Turn   | Place    | Note
-------+----------+-------------------------------------------
     0 | D:1      | Chiseanne the Demonspawn Wizard began the quest for the Orb.
     0 | D:1      | Reached XP level 1. HP: 13/13 MP: 4/4
   589 | D:1      | Gained mutation: You are partially covered in icy blue scales. (AC +2) [demonic ancestry]
   589 | D:1      | Reached XP level 2. HP: 19/19 MP: 4/6
  1601 | D:2      | Reached XP level 3. HP: 23/24 MP: 2/8
  1673 | D:2      | Learned a level 2 spell: Blink
  1677 | D:2      | Learned a level 3 spell: Conjure Flame
  1681 | D:2      | Learned a level 3 spell: Mephitic Cloud
  2828 | D:3      | Reached skill level 1 in Air Magic
  2828 | D:3      | Reached skill level 1 in Poison Magic
  2828 | D:3      | Reached XP level 4. HP: 30/30 MP: 0/9
  3434 | D:2      | Gained mutation: You are mostly covered in icy blue scales. (AC +3) [demonic ancestry]
  3434 | D:2      | Reached XP level 5. HP: 22/35 MP: 5/10
  3964 | D:3      | Reached skill level 4 in Spellcasting
  4046 | D:3      | Learned a level 2 spell: Searing Ray
  4060 | D:3      | Found a white marble altar of Elyvilon.
  4400 | D:4      | Noticed an ogre
  4603 | D:4      | Got an iridescent falchion
  4657 | D:4      | Identified the +9 falchion of Wrongful Imprisonment {venom, Int+3 Dex-3} (You found it on level 4 of the Dungeon)
  4822 | D:3      | Gained mutation: You have a pair of small antennae on your head. [demonic ancestry]
  4822 | D:3      | Reached XP level 6. HP: 41/41 MP: 5/12
  5626 | D:4      | Reached XP level 7. HP: 33/46 MP: 6/13
  5751 | D:4      | Got a transparent leather armour
  5875 | D:4      | Identified the +2 leather armour of Valour {+Fly rN+ Str+4} (You took it off an orc on level 4 of the Dungeon)
  6195 | D:5      | Entered Level 5 of the Dungeon
  6273 | D:5      | Learned a level 3 spell: Dazzling Spray
  6529 | D:5      | Reached skill level 5 in Spellcasting
  6850 | D:5      | Reached XP level 8. HP: 52/52 MP: 13/15
  7520 | D:6      | Noticed Edmund
  7537 | D:6      | Killed Edmund
  7537 | D:6      | Reached skill level 5 in Conjurations
  7845 | D:6      | Reached skill level 5 in Poison Magic
  8243 | D:6      | Reached skill level 6 in Spellcasting
  8952 | D:6      | Learned a level 4 spell: Iskenderun's Mystic Blast
  8972 | D:7      | Gained mutation: You are completely covered in icy blue scales. (AC +4, rC+) [demonic ancestry]
  8972 | D:7      | Reached XP level 9. HP: 57/58 MP: 18/18
  9025 | D:7      | Reached skill level 1 in Armour
  9657 | D:7      | Noticed Unholydonuts's ghost (novice GrGl)
  9827 | D:7      | Killed Unholydonuts's ghost
 10181 | D:7      | Got a transparent war axe
 10216 | D:7      | Found a staircase to the Ecumenical Temple.
 10229 | D:7      | Reached skill level 7 in Spellcasting
 10248 | Temple   | Entered the Ecumenical Temple
 10378 | Temple   | Became a worshipper of Vehumet
 11028 | D:8      | Gained mutation: When hurt, damage is shared between your health and your magic reserves. [demonic ancestry]
 11028 | D:8      | Reached XP level 10. HP: 64/64 MP: 16/20
 11162 | D:8      | Reached * piety under Vehumet
 11162 | D:8      | Offered knowledge of Sting by Vehumet.
 11300 | D:8      | Learned a level 4 spell: Force Lance
 11497 | D:8      | Noticed Joseph
 11517 | D:8      | Killed Joseph
 11999 | D:8      | Reached skill level 5 in Dodging
 12133 | D:8      | Noticed Erica
 12385 | D:8      | Killed Erica
 12390 | D:8      | Noticed a two-headed ogre
 12415 | D:8      | Killed a two-headed ogre
 12415 | D:8      | Reached skill level 5 in Armour
 12415 | D:8      | Reached skill level 8 in Spellcasting
 13091 | D:9      | Reached ** piety under Vehumet
 13133 | D:9      | Offered knowledge of Sandblast by Vehumet.
 13301 | D:9      | Found a staircase to the Lair.
 13359 | D:10     | Entered Level 10 of the Dungeon
 13576 | D:10     | Reached skill level 1 in Fighting
 13687 | D:10     | Gained mutation: You regenerate magic rapidly. [demonic ancestry]
 13687 | D:10     | Reached XP level 11. HP: 70/70 MP: 1/23
 13999 | D:10     | Offered knowledge of Ignite Poison by Vehumet.
 14024 | D:10     | Learned a level 3 spell: Ignite Poison
 14310 | D:11     | Killed an unseen horror
 14363 | D:11     | Killed an unseen horror
 14363 | D:11     | Reached skill level 9 in Spellcasting
 14485 | D:11     | Reached *** piety under Vehumet
 14512 | D:11     | Identified the +6 war axe of Lylaif {freeze, rElec Int+2 Stlth+} (You found it on level 7 of the Dungeon)
 14523 | D:11     | Noticed a two-headed ogre
 14530 | D:11     | Killed a two-headed ogre
 14627 | D:11     | Reached skill level 10 in Spellcasting
 14699 | D:11     | Noticed a two-headed ogre
 14711 | D:11     | Killed a two-headed ogre
 14749 | D:11     | Offered knowledge of Throw Icicle by Vehumet.
 15067 | D:11     | Noticed a two-headed ogre
 15075 | D:11     | Killed a two-headed ogre
 15075 | D:11     | Reached skill level 11 in Spellcasting
 15181 | D:11     | Reached **** piety under Vehumet
 15300 | D:11     | Noticed a two-headed ogre
 15306 | D:11     | Killed a two-headed ogre
 15585 | D:12     | Offered knowledge of Airstrike by Vehumet.
 15758 | D:12     | Noticed Nightblair's ghost (journeyman DrCj)
 15769 | D:12     | Killed an unseen horror
 15769 | D:12     | Reached XP level 12. HP: 71/77 MP: 27/27
 15777 | D:12     | Killed from afar by Nightblair's ghost

Skill      XL: |  1  2  3  4  5  6  7  8  9 10 11 |
---------------+----------------------------------+-----
Conjurations   | 2 3 4 6 7 8 9 |  9.0
Air Magic      | 1 2 3 4 |  4.8
Poison Magic   | 1 2 3 4 5 |  5.7
Spellcasting   | 4 5 6 7 8 11 | 11.9
Dodging        | 4 6 |  6.3
Armour         | 3 5 |  5.3
Fighting       | 1 |  1.5
Stealth        | |  1.7
Summonings     | |  1.0
Translocations | |  0.8

Action                   |  1- 3 |  4- 6 |  7- 9 | 10-12 || total
-------------------------+-------+-------+-------+-------++-------
Melee: Unarmed           |     1 |       |       |       ||     1
       Short sword       |    24 |    26 |       |       ||    50
       Falchion          |       |    33 |   130 |   128 ||   291
 Cast: Magic Dart        |   118 |   138 |   208 |   134 ||   598
       Mephitic Cloud    |     1 |    10 |     6 |    26 ||    43
       Blink             |     1 |     2 |     2 |       ||     5
       Searing Ray       |       |       |    15 |     9 ||    24
       Dazzling Spray    |       |       |     9 |    23 ||    32
       Conjure Flame     |       |       |     5 |     7 ||    12
       Iskenderun's Myst |       |       |     8 |    74 ||    82
       Force Lance       |       |       |       |    22 ||    22
       Ignite Poison     |       |       |       |    13 ||    13
  Use: Scroll            |     5 |     4 |     5 |     8 ||    22
       Potion            |       |     4 |     1 |     1 ||     6
 Stab: Confused          |       |     1 |     1 |       ||     2
       Sleeping          |       |       |     2 |     1 ||     3
       Invisible         |       |       |       |     3 ||     3
  Eat: Chunk             |     5 |    10 |    15 |    17 ||    47
       Fruit             |       |       |     3 |       ||     3
Armor: Robe              |    18 |    40 |     2 |       ||    60
       Leather armour    |       |       |    74 |    90 ||   164
Dodge: Dodged            |    34 |    71 |    98 |   136 ||   339
       Rpst.: Falchion   |       |     8 |    22 |    40 ||    70
